 Seeded DCSS version 0.29.1-15-g9cfb28693d (webtiles) character file.

Game seed: 8056072057488248289 (custom seed)

170 Darius099 the Ruffian (level 5, -2/50 HPs)
             Began as a Troll Monk on Mar 7, 2023.
             Slain by Sigmund
             ... wielding a +0 scythe
              (8 damage)
             ... on level 3 of the Dungeon.
             The game lasted 00:04:46 (1531 turns).

Darius099 the Ruffian (Troll Monk)                  Turns: 1531, Time: 00:04:47

Health: -2/50      AC:  5    Str: 19    XL:     5   Next: 26%
Magic:  4/4        EV: 10    Int:  6    God:
Gold:   138        SH:  0    Dex: 14    Spells: 4/4 levels left

rFire   . . .      SeeInvis .     - Unarmed
rCold   . . .      Faith    .   (no shield)
rNeg    . . .      Spirit   .   a - +0 robe
rPois   .          Reflect  .   (helmet restricted)
rElec   .          Harm     .   l - +0 cloak
rCorr   .          Rampage  .   (gloves unavailable)
Will    .....                   (boots unavailable)
Stlth   +.........              h - amulet of the acrobat
HPRegen 0.96/turn               (no ring)
MPRegen 0.09/turn               (no ring)

@: confused
A: large, unfitting armour, claws 3, regeneration 1, shaggy fur 1, tough skin 1
a: no special abilities


You were on level 3 of the Dungeon.
You visited 1 branch of the dungeon, and saw 3 of its levels.

You collected 138 gold pieces.

Inventory:

Armour
 a - a +0 robe (worn)
 l - a +0 cloak (worn)
Jewellery
 h - an amulet of the acrobat (around neck)
Wands
 q - a wand of digging (2)
Scrolls
 c - a scroll of enchant weapon {unknown}
 e - 4 scrolls of identify {unknown}
 i - a scroll of enchant armour {unknown}
 n - a scroll of vulnerability {unknown}
 o - 2 scrolls of noise {unknown}
 p - a scroll of magic mapping {unknown}
Potions
 b - a potion of ambrosia
 d - 5 potions of curing {unknown}
 f - a potion of lignification {unknown}
 g - a potion of berserk rage {unknown}
 j - a potion of heal wounds {unknown}
 k - a potion of haste {unknown}
 m - a potion of brilliance {unknown}


   Skills:
 - Level 2.7 Fighting
 - Level 2.8 Dodging
 - Level 1.3 Stealth
 + Level 5.3 Unarmed Combat


You had 4 spell levels left.
You didn't know any spells.
Your spell library was empty.

Dungeon Overview and Level Annotations

Branches:
Dungeon (3/15)

Altars:
Trog

Shops:
D:1 ?[![

Annotations:
D:3 Sigmund


Innate Abilities, Weirdness & Mutations

You are too large for most types of armour.
You have claws for hands.
Your natural rate of healing is unusually fast.
You are covered in fur. (AC +1)
You have tough skin. (AC +1)


Message History

You barely miss the orc.
The orc is moderately wounded.
You feel sick. Something hits you but does no damage.
The orc hits you with a +0 club.
You claw the orc!
You kill the orc!
You feel sick.
You feel sick.
You feel sick.
You feel sick.
You are no longer poisoned.
Found 5 atropa-tipped darts.
You hear some strange, mumbled words.
A magic dart appears from out of thin air!
The magic dart hits you!
You barely miss something. Something hits you.
You claw something! You scratch something.
Something hits you but does no damage.
You miss something. Something hits you!
* * * LOW HITPOINT WARNING * * *
You miss something. You scratch something. Something hits you.
* * * LOW HITPOINT WARNING * * *
You claw something! You scratch something.
You hear some strange, mumbled words.
You are confused.
You miss something.
You hear some strange, mumbled words.
A magic dart appears from out of thin air!
The magic dart hits you!
* * * LOW HITPOINT WARNING * * *
You miss something.
You hear some strange, mumbled words.
A puff of flame appears from out of thin air!
The puff of flame hits you.
* * * LOW HITPOINT WARNING * * *
You miss something. Something hits you but does no damage.
You bump into the rock wall.
Something hits you!
You die...

#.............# #.#
#....$........# #.#
#.....).......###.#
#.....#)##........#+####
#......#.#########......#
.#..o..#.# +.>....#
#.@.o.#.# #...†..#
#o....#{# #......#
#..o..#@###.#####......#
#.....#...(.......#.....
#####.##...##.....
+...+...... #...###....
#. #.... #.... #####


There were no monsters in sight!

Vanquished Creatures
  An orc priest (D:3)
  Natasha (thrice) (D:3)
  2 adders
  A worm (D:2)
  4 orcs (D:3)
  4 ball pythons
  2 bats (D:1)
  2 endoplasms
  2 giant cockroaches
  4 goblins
  3 hobgoblins (D:2)
  2 jackals (D:1)
  3 quokkas (D:1)
  5 frilled lizards (D:1)
  12 rats
50 creatures vanquished.

Notes
Turn   | Place    | Note
-------+----------+-------------------------------------------
     0 | D:1      | Darius099 the Troll Monk began the quest for the Orb.
     0 | D:1      | Reached XP level 1. HP: 22/22 MP: 0/0
     0 | D:1      | Found Zenear's Antique Armour Boutique.
    91 | D:1      | Found Puuzimax's Magic Scroll Shop.
   176 | D:1      | Reached XP level 2. HP: 26/29 MP: 1/1
   227 | D:1      | Found Vanez's Distillery.
   386 | D:1      | Found Hufeefazea's Armour Emporium.
   389 | D:1      | Found a faded altar of an unknown god.
   716 | D:2      | Reached XP level 3. HP: 36/36 MP: 2/2
   886 | D:2      | Identified the +3 mace of Pestilence {flame, Dex+4}
  1264 | D:3      | Found a bloodstained altar of Trog.
  1414 | D:3      | Noticed Natasha
  1423 | D:3      | Killed Natasha
  1424 | D:3      | Reached skill level 4 in Unarmed Combat
  1424 | D:3      | Reached XP level 4. HP: 44/44 MP: 3/3
  1444 | D:3      | Noticed Natasha
  1453 | D:3      | Killed Natasha
  1475 | D:3      | Noticed Natasha
  1479 | D:3      | Killed Natasha
  1484 | D:3      | Noticed Sigmund
  1500 | D:3      | Reached XP level 5. HP: 50/50 MP: 4/4
  1507 | D:3      | Reached skill level 5 in Unarmed Combat
  1531 | D:3      | Slain by Sigmund

Illustrated notes

Levels and vault maps discovered:
D:1:      dpeg_arrival_ratfight, layout_loops_ring, serial_shops,
          shop_fountains, nicolae_diamond_shop, nicolae_shop_waterfront,
          nicolae_shop_waterfront, basic_ecumenical_altar
D:2:      layout_basic
D:3:      layout_basic, trog_three_pillars_becter, uniq_sigmund, uniq_natasha

Skill      XL: |  1  2  3  4  5 |
---------------+----------------+-----
Unarmed Combat | 4 5 |  5.3
Fighting       | |  2.7
Dodging        | |  2.8
Stealth        | |  1.3

Action                   |  1- 3 |  4- 6 || total
-------------------------+-------+-------++-------
Melee: Unarmed           |    98 |    33 ||   131
       Punch             |     1 |       ||     1
 Stab: Sleeping          |     8 |       ||     8
Armor: Robe              |    18 |     4 ||    22
Dodge: Dodged            |    42 |     8 ||    50
